 Dungeon Crawl Stone Soup version 0.14-a0-2001-g390038d (webtiles) character file.

123 Kae the Cudgeler (level 4, -3/39 HPs)
             Began as a Minotaur Fighter on Jan 18, 2014.
             Killed from afar by Ijyb (6 damage)
             ... with a wand of magic darts
             ... on Level 2 of the Dungeon.
             The game lasted 00:00:40 (1353 turns).

Kae the Cudgeler (Minotaur Fighter)                 Turns: 1353, Time: 00:00:40

HP  -3/39        AC  6     Str 22      XL: 4   Next:  1%
MP   2/2         EV 11     Int  5      God:
Gold 55          SH 20     Dex 14      Spells:  0 memorised,  3 levels left

rFire  . . .     SeeInvis .     a - +0 mace
rCold  . . .     Clarity  .     b - +0 scale mail
rNeg   . . .     Conserve .     c - +0 shield
rPois  .         rCorr    .     (helmet restricted)
rElec  .         rRot     .     (no cloak)
SustAb . .       Spirit   .     (no gloves)
rMut   .         Warding  .     (no boots)
Saprov . . .     Stasis   .     (no amulet)
MR     .....                    (no ring)
                                (no ring)

@: agile, not resistant to hostile enchantments, very unstealthy
A: retaliatory headbutt, horns 2
a: no special abilities


You were on level 2 of the Dungeon.
You were near starving.

You visited 1 branch of the dungeon, and saw 2 of its levels.

You collected 55 gold pieces.

Inventory:

Hand weapons
 a - a +0,+0 mace (weapon)
Armour
 b - a +0 scale mail (worn)
 c - a +0 shield (worn)
Magical devices
 q - a wand of magic darts (10)
Comestibles
 d - 3 bread rations
 f - a meat ration
Scrolls
 e - a scroll of enchant armour {unknown}
 g - a scroll of teleportation {unknown}
 i - 3 scrolls of fear {unknown}
 j - 3 scrolls of remove curse {unknown}
 p - 2 scrolls of random uselessness {unknown}
 r - a scroll of identify {unknown}
Jewellery
 s - a cursed -3,-2 ring of slaying {unknown}
Potions
 l - a potion of might {unknown}
 m - a potion of brilliance {unknown}
 n - 2 potions of heal wounds {unknown}
 o - a potion of restore abilities {unknown}


   Skills:
 - Level 3.6 Fighting
 + Level 5.2 Maces & Flails
 - Level 3.6 Armour
 - Level 3.6 Shields


You had 3 spell levels left.
You didn't know any spells.

Dungeon Overview and Level Annotations

Branches:
Dungeon (2/16)

Altars:

Annotations:
D:2 Ijyb


Innate Abilities, Weirdness & Mutations

You reflexively headbutt those who attack you in melee.
You have a pair of horns on your head.


Message History

The ooze is heavily wounded.
The ooze barely misses you. You furiously retaliate!
You headbutt the ooze!
You kill the ooze!
You have reached level 4!
You feel stronger. Ijyb misses you. You furiously retaliate!
You headbutt Ijyb, but do no damage.
Things that are here:
a quokka corpse; a giant newt corpse You hit Ijyb but do no damage.
Ijyb is lightly wounded.
Ijyb zaps a wand.
The magic dart hits you!
You closely miss Ijyb.
Ijyb is lightly wounded.
Ijyb zaps a wand.
The magic dart hits you!
* * * LOW HITPOINT WARNING * * *
You hit Ijyb but do no damage.
Ijyb is lightly wounded.
Ijyb screams, "Me very upset!"
Ijyb zaps a wand.
The magic dart hits you!
You die...

#####################
#....................
#.###################
#.# #.# ## #.#
####### #. #######.#
....... #.
#.....#'#####........
#.
#.#..>....@g'........
+.
#.#<.....####........
#. #........# .......
. #####....# .......
#........# #######
#.###....# #.#.#.#'##
# #.#.#.#.#
#.#.....#.#


You could see Ijyb.

Vanquished Creatures
  Jessica (D:2)
  An adder (D:2)
  2 giant geckos
  3 oozes
  2 giant cockroaches (D:2)
  6 goblins
  3 hobgoblins (D:2)
  3 jackals (D:1)
  3 kobolds
  A quokka (D:2)
  A ball python (D:1)
  6 bats
  2 giant newts (D:2)
  4 rats
  3 toadstools (D:1)
41 creatures vanquished.

Vanquished Creatures (others)
  A toadstool (D:1)
1 creature vanquished.

Grand Total: 42 creatures vanquished

Notes
Turn   | Place    | Note
--------------------------------------------------------------
     0 | D:1      | Kae, the Minotaur Fighter, began the quest for the Orb.
     0 | D:1      | Reached XP level 1. HP: 19/19 MP: 1/1
   257 | D:1      | Reached XP level 2. HP: 26/26 MP: 1/1
   818 | D:2      | Reached skill level 4 in Maces & Flails
   880 | D:2      | Reached XP level 3. HP: 29/31 MP: 2/2
  1136 | D:2      | Noticed Jessica
  1139 | D:2      | Killed Jessica
  1143 | D:2      | Reached skill level 5 in Maces & Flails
  1325 | D:2      | Noticed Ijyb
  1349 | D:2      | Reached XP level 4. HP: 22/39 MP: 2/2
  1353 | D:2      | Killed from afar by Ijyb

Action                   |  1- 3 |  4- 6 || total
-------------------------+-------+-------++-------
Melee: Mace              |   117 |     3 ||   120
  Use: Potion            |     3 |       ||     3
